 Dungeon Crawl Stone Soup version 0.18-a0-937-g1af3f5e (webtiles) character file.

32 Oddball22 the Grave Robber (level 3, -2/26 HPs)
             Began as a Demonspawn Necromancer on Dec 28, 2015.
             Slain by an adder (5 damage)
             ... on level 2 of the Dungeon.
             The game lasted 00:03:52 (1943 turns).

Oddball22 the Grave Robber (Demonspawn Necromancer) Turns: 1943, Time: 00:03:52

Health: -2/26      AC:  3    Str:  8    XL:     3   Next: 10%
Magic:  0/6        EV: 12    Int: 16    God:
Gold:   48         SH:  0    Dex: 14    Spells: 2 memorised, 4 levels left

rFire  . . .     SeeInvis .     h - +0 dagger
rCold  . . .     Gourm    .     a - +0 robe
rNeg   . . .     Faith    .     (no shield)
rPois  .         Spirit   .     (helmet restricted)
rElec  .         Dismiss  .     (no cloak)
rCorr  .         Reflect  .     (no gloves)
SustAt .         Harm     .     i - +0 pair of boots
MR     .....                    (no amulet)
Stlth  ++........               (no ring)
                                (no ring)

@: lethally poisoned (-2 -> -12), not resistant to hostile enchantments,
unstealthy
A: antennae 1, rot immunity
a: no special abilities


You were on level 2 of the Dungeon.
You were hungry.

You visited 1 branch of the dungeon, and saw 2 of its levels.

You collected 48 gold pieces.

Inventory:

Hand Weapons
 h - a +0 dagger (weapon)
Armour
 a - a +0 robe (worn)
 i - a +0 pair of boots (worn)
Jewellery
 g - an uncursed ring of protection from cold {unknown}
 j - a +5 ring of slaying {unknown}
Scrolls
 e - a scroll of teleportation {unknown}
 f - 2 scrolls of remove curse {unknown}
 m - a scroll of amnesia {unknown}
 n - a scroll of noise {unknown}
Potions
 d - a potion of resistance {unknown}
 k - a potion of invisibility {unknown}
 o - a potion of mutation {unknown}
Books
 b - a book of Necromancy

   Spells                             Type                      Level
   a - Pain                           Necromancy                   1
   b - Animate Skeleton               Necromancy                   1
   c - Vampiric Draining              Necromancy                   3
   d - Regeneration                   Charms/Necromancy            3
   e - Animate Dead                   Necromancy                   4
   f - Control Undead                 Necromancy                   4
Comestibles
 c - a bread ration
 l - a chunk of flesh


   Skills:
 + Level 1.0 Fighting
 + Level 0.6 Short Blades
 - Level 1.7 Dodging
 - Level 1.7 Stealth
 + Level 2.3 Spellcasting
 * Level 4.9 Necromancy


You had 4 spell levels left.
You knew the following spells:

 Your Spells              Type           Power        Failure   Level  Hunger
a - Pain                  Necr           ###.         2%          1    #......
b - Animate Skeleton      Necr           N/A          2%          1    #......


Dungeon Overview and Level Annotations

Branches:
Dungeon (2/15)

Altars:


Innate Abilities, Weirdness & Mutations

You have a pair of small antennae on your head.
You are immune to rotting.


Message History

You hit the adder.
The adder is severely wounded.
You feel sick. The adder barely misses you.
You barely miss the adder.
The adder is severely wounded.
The adder bites you but does no damage. The adder misses you.
You barely miss the adder.
The adder is severely wounded.
You feel sick. The adder bites you but does no damage.
You barely miss the adder.
The adder is severely wounded.
The adder bites you.
* * * LOW HITPOINT WARNING * * *
You are more poisoned.
The adder poisons you!
You hit the adder but do no damage.
The adder is severely wounded.
* * * LOW HITPOINT WARNING * * *
You feel sick. The adder bites you.
You die...

#..### #.... .$. #..<# g..
#...# .. ### #...# .. ...
#...# .# ##.####...#######
.#
##...............####.#####.
................@S))........
#...............#####.####.
##.##.#...#.##### # ..
#.#...#.# # #.#...#.#
#.#...#.# #.#...#.## ###
#......... ..# ##...##.# #.#


You could see an adder.

Vanquished Creatures
  An ooze (D:2)
  A giant gecko (D:1)
  A ball python (D:1)
  3 bats (D:1)
  4 hobgoblins
  A giant cockroach (D:1)
  A giant newt (D:2)
  6 goblins
  5 kobolds (D:1)
  6 rats (D:1)
29 creatures vanquished.

Notes
Turn   | Place    | Note
--------------------------------------------------------------
     0 | D:1      | Oddball22 the Demonspawn Necromancer began the quest for the Orb.
     0 | D:1      | Reached XP level 1. HP: 13/13 MP: 3/3
   447 | D:1      | Gained mutation: You have a pair of small antennae on your head. [demonic ancestry]
   447 | D:1      | Reached XP level 2. HP: 7/20 MP: 0/5
  1110 | D:1      | Reached skill level 1 in Fighting
  1881 | D:2      | Learned a level 1 spell: Animate Skeleton
  1928 | D:2      | Gained mutation: You are immune to rotting. [demonic ancestry]
  1928 | D:2      | Reached XP level 3. HP: 14/26 MP: 1/6
  1943 | D:2      | Slain by an adder

Vault maps used:
D:1:      elethiomel_arrival_shortcut, serial_forest,
          infiniplex_forest_diagonal, infiniplex_forest_clump_C,
          infiniplex_forest_join, infiniplex_forest_join,
          infiniplex_forest_straight_1, infiniplex_forest_lined_2,
          kennysheep_boxes

Action                   || total
-------------------------++-------
Melee: Unarmed           ||    14
       Dagger            ||    31
 Cast: Pain              ||    47
  Eat: Chunk             ||     3
